 Dungeon Crawl Stone Soup version 0.28.0-47-ge53b351184 (webtiles) character file.

Game seed: 9647682149537471597

609 Bruhh the Chiller (level 7, -4/51 HPs)
             Began as a Gnoll Ice Elementalist on Apr 29, 2022.
             Was a Follower of Ashenzari.
             Splashed by a jelly's acid (7 damage)
             ... on level 5 of the Dungeon.
             The game lasted 00:07:54 (6146 turns).

Bruhh the Chiller (Gnoll Ice Elementalist)          Turns: 6146, Time: 00:07:54

Health: -4/51      AC: -5    Str:  8    XL:     7   Next: 43%
Magic:  10/15      EV: 13    Int: 16    God:    Ashenzari [*.....]
Gold:   142        SH:  0    Dex: 12    Spells: 10/17 levels left

rFire   . . .      SeeInvis .   i - +0 whip of Ashenzari's Planets {venom, Melee, Fort} (curse)
rCold   . . .      Faith    .   (no shield)
rNeg    . . .      Spirit   .   a - +0 robe "Pangnostic Fanaticism" {Evo, Melee} (curse)
rPois   .          Reflect  .   (no helmet)
rElec   .          Harm     .   (no cloak)
rCorr   .          Rampage  .   (no gloves)
Will    .....                   (no boots)
Stlth   +++.......              (no amulet)
HPRegen 0.17/turn               (no ring)
MPRegen 0.14/turn               (no ring)

@: corroded, freezing walls
A: fangs 1, strong nose, distributed training
a: Renounce Religion, Shatter the Chains


You were on level 5 of the Dungeon.
You worshipped Ashenzari.
Ashenzari was aware of your devotion.
You visited 1 branch of the dungeon, and saw 5 of its levels.

You collected 142 gold pieces.

Inventory:

Hand Weapons
 i - the cursed +0 whip of Ashenzari's Planets (weapon) {venom, Melee, Fort}
   (You took it off a kobold on level 1 of the Dungeon)

   It poisons the flesh of those it strikes.
   It has a curse which improves the following skills: Melee Combat: Short
   Blades, Long Blades, Axes, Maces & Flails, Polearms, Staves and Unarmed
   Combat.
   Fortitude: Armour and Shields.
 p - a +0 halberd of flaming
Missiles
 v - 3 javelins
Armour
 a - the cursed +0 robe "Pangnostic Fanaticism" (worn) {Evo, Melee}

   It has a curse which improves the following skills: Evocations: Evocations.
   Melee Combat: Short Blades, Long Blades, Axes, Maces & Flails, Polearms,
   Staves and Unarmed Combat.
 u - a +0 chain mail
Jewellery
 c - a ring of flight
Wands
 q - a wand of flame (7)
Scrolls
 e - 2 scrolls of magic mapping
 g - 2 scrolls of fog
 h - a scroll of vulnerability
 j - 2 scrolls of enchant armour
 l - 3 scrolls of identify
 o - 3 scrolls of teleportation
 s - 3 scrolls of torment
 t - a scroll of holy word
Potions
 b - 2 potions of curing
 d - 2 potions of haste
 f - 3 potions of heal wounds
 k - a potion of might
 m - 2 potions of magic
 n - a potion of attraction
 r - a potion of mutation


   Skills:
 + Level 2.5 Fighting
 + Level 2.5(3.6) Short Blades
 + Level 2.5(3.6) Long Blades
 + Level 2.5(3.6) Axes
 + Level 2.5(3.6) Maces & Flails
 + Level 2.5(3.6) Polearms
 + Level 2.5(3.6) Staves
 + Level 2.5 Slings
 + Level 2.5 Bows
 + Level 2.5 Crossbows
 + Level 2.5 Throwing
 + Level 2.5(3.2) Armour
 + Level 5.2 Dodging
 + Level 4.9 Stealth
 + Level 2.5(3.2) Shields
 + Level 2.5(3.6) Unarmed Combat
 + Level 5.6 Spellcasting
 + Level 2.0 Conjurations
 + Level 2.0 Hexes
 + Level 2.0 Summonings
 + Level 2.0 Necromancy
 + Level 2.0 Translocations
 + Level 2.0 Transmutations
 + Level 2.0 Fire Magic
 + Level 7.4 Ice Magic
 + Level 2.0 Air Magic
 + Level 2.0 Earth Magic
 + Level 2.0 Poison Magic
 + Level 2.7 Invocations
 + Level 2.5(3.2) Evocations


You had 10 spell levels left.
You knew the following spells:

 Your Spells              Type           Power      Damage    Failure   Level
a - Freeze                Ice            100%       1d11      1%          1
b - Frozen Ramparts       Ice            56%        1d7       1%          3
c - Ozocubu's Armour      Ice            28%        N/A       1%          3

Your spell library contained the following spells:

 Spells                   Type           Power      Damage    Failure   Level
 Slow                     Hex            44%        N/A       6%          1
 Confusing Touch          Hex            11%        N/A       19%         3
 Vampiric Draining        Necr           11%        2d6       19%         3
 Hailstorm                Conj/Ice       19%        3d6       21%         4


Dungeon Overview and Level Annotations

Branches:
Dungeon (5/15)
 Temple: D:4-7

Altars:
Ashenzari
Cheibriados
Dithmenos
Trog
Uskayaw

Annotations:
D:3 2 transporters, 101zpm's ghost, weakling TrEE


Innate Abilities, Weirdness & Mutations

You have very sharp teeth.
Your uncanny sense of smell can sniff out nearby items.
Your experience applies equally to all skills.


Message History

The centaur zombie barely misses you.
You hit the centaur zombie but do no damage.
You bite the centaur zombie, but do no damage.
The centaur zombie is severely damaged.
The wall freezes the jelly!
The centaur zombie resists.
The wall freezes the centaur zombie.
The centaur zombie hits you but does no damage.
The centaur zombie barely misses you.
You barely miss the centaur zombie.
The centaur zombie is almost destroyed.
The frozen ramparts melt away.
The centaur zombie closely misses you. The centaur zombie kicks you.
The jelly hits you.
You are splashed with acid!
You hit the centaur zombie.
The centaur zombie is almost destroyed.
The centaur zombie closely misses you. x2; The jelly hits you.
You are splashed with acid!
You hit the centaur zombie.
You destroy the centaur zombie!
The jelly hits you. The acid corrodes you!
You are splashed with acid!
* * * LOW HITPOINT WARNING * * *
Casting: Frozen Ramparts (safe; 1% risk of failure)
Confirm with . or Enter, or press ? or * to list all spells.
Casting: Frozen Ramparts (safe; 1% risk of failure)
Press: ? - help, Dir - look around, f - activate The walls around you are covered in ice.
The wall freezes the jelly.
The jelly hits you.
* * * LOW HITPOINT WARNING * * *
You are splashed with acid!
* * * LOW HITPOINT WARNING * * *
Casting: Frozen Ramparts (safe; 1% risk of failure)
Confirm with . or Enter, or press ? or * to list all spells.
Aiming: Freeze (safe; 1% risk of failure)
Press: ? - help, Shift-Dir - straight line, f - jelly
Aim: a jelly (heavily wounded)
You freeze the jelly!
The jelly is severely wounded.
The wall freezes the jelly.
The jelly hits you.
* * * LOW HITPOINT WARNING * * *
The acid corrodes you!
You are splashed with acid!
You die...

#.# #.# #.# #.#
##.#### #.#
#.....# #.#
##..... #.# .....
#.# ... #.# #.#
#.# ∆#@# #.# #J#
#.# #.# #.#
#.####### #.#
#.......#
#.#.######.......#
#.#..............#
#.########.......#
#.................


You could see a jelly.

Vanquished Creatures
  A necrophage (D:5)
  An ogre (D:4)
  A scorpion (D:4)
  2 hounds (D:4)
  A centaur zombie (D:5)
  An orc priest (D:3)
  An iguana (D:4)
  An orc wizard (D:3)
  8 gnolls
  7 adders
  An adder skeleton (D:4)
  2 dart slugs
  2 worms
  5 orcs
  4 ball pythons
  6 endoplasms
  2 giant cockroaches
  4 goblins
  4 hobgoblins
  4 jackals
  2 quokkas
  6 bats
  A frilled lizard (D:1)
  5 kobolds
  2 rats (D:1)
74 creatures vanquished.

Notes
Turn   | Place    | Note
-------+----------+-------------------------------------------
     0 | D:1      | Bruhh the Gnoll Ice Elementalist began the quest for the
                  | Orb.
     0 | D:1      | Reached XP level 1. HP: 13/13 MP: 6/6
   277 | D:1      | You fall into a shaft and drop 1 floor!
   280 | D:2      | Found a bloodstained altar of Trog.
   397 | D:2      | Reached XP level 2. HP: 20/20 MP: 4/7
   448 | D:2      | Reached XP level 3. HP: 25/25 MP: 6/9
   452 | D:2      | Learned a level 3 spell: Frozen Ramparts
   456 | D:2      | Learned a level 3 spell: Ozocubu's Armour
   509 | D:2      | Reached skill level 5 in Spellcasting
   608 | D:2      | Reached skill level 1 in Invocations
   992 | D:2      | Reached skill level 1 in Fighting
   992 | D:2      | Reached skill level 1 in Short Blades
   992 | D:2      | Reached skill level 1 in Long Blades
   992 | D:2      | Reached skill level 1 in Axes
   992 | D:2      | Reached skill level 1 in Maces & Flails
   992 | D:2      | Reached skill level 1 in Polearms
   992 | D:2      | Reached skill level 1 in Staves
   992 | D:2      | Reached skill level 1 in Slings
   992 | D:2      | Reached skill level 1 in Bows
   992 | D:2      | Reached skill level 1 in Crossbows
   992 | D:2      | Reached skill level 1 in Throwing
   992 | D:2      | Reached skill level 1 in Armour
   992 | D:2      | Reached skill level 1 in Shields
   992 | D:2      | Reached skill level 1 in Unarmed Combat
   992 | D:2      | Reached skill level 1 in Evocations
  1509 | D:2      | Reached XP level 4. HP: 32/32 MP: 8/11
  2156 | D:1      | Found a faded altar of an unknown god.
  2685 | D:1      | Got Plato's Incunabulum of the Snowflakes
  2923 | D:3      | Found a transporter.
  2929 | D:3      | Found a transporter.
  2929 | D:3      | Noticed 101zpm's ghost (weakling TrEE)
  2991 | D:3      | Reached skill level 1 in Conjurations
  2991 | D:3      | Reached skill level 1 in Hexes
  2991 | D:3      | Reached skill level 1 in Summonings
  2991 | D:3      | Reached skill level 1 in Necromancy
  2991 | D:3      | Reached skill level 1 in Translocations
  2991 | D:3      | Reached skill level 1 in Transmutations
  2991 | D:3      | Reached skill level 1 in Fire Magic
  2991 | D:3      | Reached skill level 1 in Air Magic
  2991 | D:3      | Reached skill level 1 in Earth Magic
  2991 | D:3      | Reached skill level 1 in Poison Magic
  2992 | D:3      | Reached XP level 5. HP: 6/37 MP: 7/12
  3616 | D:3      | Found a snail-covered altar of Cheibriados.
  3619 | D:3      | Found a hide-covered altar of Uskayaw.
  3622 | D:3      | Found a shadowy altar of Dithmenos.
  3625 | D:3      | Found a broken altar of Ashenzari.
  3706 | D:3      | Became a worshipper of Ashenzari the Shackled
  4567 | D:4      | Noticed an ogre
  4576 | D:4      | Killed an ogre
  4577 | D:4      | Reached XP level 6. HP: 15/44 MP: 5/14
  4583 | D:4      | Reached skill level 5 in Dodging
  5473 | D:4      | Reached XP level 7. HP: 50/50 MP: 12/15
  5659 | D:4      | Reached * piety under Ashenzari
  5952 | D:5      | Entered Level 5 of the Dungeon
  6146 | D:5      | Splashed by a jelly's acid

Illustrated notes

Levels and vault maps discovered:
D:1:      lemuel_arrival_tunnels, layout_loops_corners,
          shapermc_ecumenical_altar_rom_forum, chequers_serial_rivers_micro_b,
          hangedman_decor_push
D:2:      layout_basic, basic_altar
D:3:      layout_loops_corners, grunt_temple_overflow_cloverleaf,
          gammafunk_ghost_arena
D:4:      layout_basic, minmay_diced_spiral
D:5:      lemuel_castle_with_subvaults [lemuel_castle_interior_original],
          layout_basic, gammafunk_ghost_split,
          minmay_a_box_with_orc_wizards_in_it

Skill      XL: |  1  2  3  4  5  6  7 |
---------------+----------------------+-----
Spellcasting   | 5 |  5.6
Invocations    | 1 2 |  2.7
Fighting       | 1 2 |  2.5
Short Blades   | 1 2 |  2.5
Long Blades    | 1 2 |  2.5
Axes           | 1 2 |  2.5
Maces & Flails | 1 2 |  2.5
Polearms       | 1 2 |  2.5
Staves         | 1 2 |  2.5
Slings         | 1 2 |  2.5
Bows           | 1 2 |  2.5
Crossbows      | 1 2 |  2.5
Throwing       | 1 2 |  2.5
Armour         | 1 2 |  2.5
Shields        | 1 2 |  2.5
Unarmed Combat | 1 2 |  2.5
Evocations     | 1 2 |  2.5
Conjurations   | 1 2 |  2.0
Hexes          | 1 2 |  2.0
Summonings     | 1 2 |  2.0
Necromancy     | 1 2 |  2.0
Translocations | 1 2 |  2.0
Transmutations | 1 2 |  2.0
Fire Magic     | 1 2 |  2.0
Air Magic      | 1 2 |  2.0
Earth Magic    | 1 2 |  2.0
Poison Magic   | 1 2 |  2.0
Dodging        | 5 |  5.2
Stealth        | |  4.9
Ice Magic      | |  7.4

Action                   |  1- 3 |  4- 6 |  7- 9 || total
-------------------------+-------+-------+-------++-------
Melee: Unarmed           |     5 |       |       ||     5
       Bite              |     1 |     5 |     9 ||    15
       Whip              |       |    34 |    34 ||    68
       Punch             |       |     1 |     1 ||     2
 Cast: Freeze            |    32 |    57 |     4 ||    93
       Frozen Ramparts   |       |     7 |     4 ||    11
       Ozocubu's Armour  |       |     4 |     2 ||     6
Invok: Curse Item        |       |     1 |     1 ||     2
Armor: Robe              |     3 |    14 |    10 ||    27
Dodge: Dodged            |    13 |    50 |    29 ||    92
